 Dungeon Crawl Stone Soup version 0.24-a0-443-g80245de385 (webtiles) character file.

Game seed: 2026840794121141790

43 theanonym the Insei (level 3, -2/23 HPs)
             Began as an Octopode Transmuter on June 21, 2019.
             Killed from afar by Natasha (7 damage)
             ... with a magic dart
             ... on level 2 of the Dungeon.
             The game lasted 00:01:45 (1263 turns).

theanonym the Insei (Octopode Transmuter)           Turns: 1263, Time: 00:01:45

Health: -2/23      AC:  1    Str:  9    XL:     3   Next: 58%
Magic:  6/6        EV: 13    Int: 16    God:
Gold:   91         SH:  0    Dex: 12    Spells: 3/6 levels left

rFire    . . .     SeeInvis .     - Unarmed
rCold    . . .     Gourm    .   (no shield)
rNeg     . . .     Faith    .   (helmet restricted)
rPois    .         Spirit   .   (no amulet)
rElec    .         Reflect  .   (no ring)
rCorr    .         Harm     .   (no ring)
MR       .....                  (no ring)
Stlth    ++........             (no ring)
HPRegen  0.07/turn              (no ring)
MPRegen  0.10/turn              (no ring)
                                (no ring)
                                (no ring)

@: appendage (expiring)
A: almost no armour, stealthy swim, amphibious, 8 rings, constrict 8, tentacle
spike 3, camouflage 1, gelatinous body 1
a: End Transformation


Innate Abilities, Weirdness & Mutations

You cannot wear most types of armour.
You are very stealthy in the water. (Stealth+)
You are amphibious.
You can wear up to eight rings at the same time.
You can use your tentacles to constrict eight enemies at once.
Your skin changes colour to match your surroundings (Stealth+).
Your rubbery body absorbs attacks. (AC +1, EV +1)
One of your tentacles bears a large vicious spike.


   Skills:
 - Level 1.0 Fighting
 - Level 2.0 Dodging
 * Level 3.8 Unarmed Combat
 + Level 2.4 Spellcasting
 + Level 2.5 Transmutations


You had 3 spell levels left.
You knew the following spells:

 Your Spells              Type           Power        Failure   Level  Hunger
a - Beastly Appendage     Tmut           ##....       7%          1    #......
b - Sticks to Snakes      Tmut           ##......     11%         2    ###....

Your spell library contained the following spells:

 Spells                   Type           Power        Failure   Level  Hunger
 Spider Form              Tmut/Pois      #.........   34%         3    ###....
 Ice Form                 Ice/Tmut       #.......     75%         4    #####..
 Blade Hands              Tmut           ##........   88%         5    ######.

Action                   || total
-------------------------++-------
Melee: Unarmed           ||    74
       Constrict         ||    18
       Tentacles         ||    11
       Kick              ||     6
       Punch             ||     2
 Cast: Beastly Appendage ||     4
 Stab: Sleeping          ||     4
  Eat: Chunk             ||     1
Armor: Skin              ||     8
Dodge: Dodged            ||    45

Inventory:

Missiles
 a - 12 arrows
Scrolls
 c - a scroll of random uselessness {unknown}
 f - 2 scrolls of identify {unknown}
 g - a scroll of remove curse {unknown}
 h - a scroll of teleportation {unknown}
 i - a scroll of fear {unknown}
Potions
 d - a potion of berserk rage {unknown}
Comestibles
 e - 2 rations


You were on level 2 of the Dungeon.
You were not hungry.
One of your tentacles had a temporary spike.
You visited 1 branch of the dungeon, and saw 2 of its levels.

You collected 91 gold pieces.

Dungeon Overview and Level Annotations

Branches:
Dungeon (2/15)

Altars:

Annotations:
D:2 Natasha

# ### ###. ### #.#
#.....<. #.. ..##
#.#.S ..#.# ...
##.#.# ..#.## ..#
..S.. #...... .5
... ...# #.# r#
#[#..#.#.#<#####h#
#<.......#.....@.#
#.#####..#########
#.# ..# ..# .#.#
.#.. .##[


You could see Natasha, a crimson imp and a rat.

Notes
Turn   | Place    | Note
-------+----------+-------------------------------------------
     0 | D:1      | theanonym the Octopode Transmuter began the quest for the
                  | Orb.
     0 | D:1      | Reached XP level 1. HP: 13/13 MP: 3/3
   159 | D:1      | Reached XP level 2. HP: 15/18 MP: 5/5
   163 | D:1      | Learned a level 2 spell: Sticks to Snakes
   680 | D:1      | Reached XP level 3. HP: 22/23 MP: 6/6
  1253 | D:2      | Noticed Natasha
  1259 | D:2      | HP: 11/23 [Natasha/magic dart (8)]
  1261 | D:2      | HP: 5/23 [Natasha (3)]
  1263 | D:2      | Killed from afar by Natasha

Vanquished Creatures
  An adder (D:2)
  An ooze (D:1)
  A leopard gecko (D:1)
  5 bats (D:1)
  6 hobgoblins
  6 jackals (D:1)
  A kobold (D:1)
  2 frilled lizards (D:1)
  2 goblins (D:1)
  A rat (D:1)
26 creatures vanquished.

Table legend:
 A = Turns spent in this place as a percentage of turns spent in the entire game.
 B = Non-inter-level travel turns spent in this place as a percentage of non-inter-level travel turns spent in the entire game.
 C = Inter-level travel turns spent in this place as a percentage of turns spent in this place.
 D = Turns resting spent in this place as a percentage of non-inter-level travel turns spent in this place.
 E = Turns spent auto-exploring this place as a percentage of non-inter-level travel turns spent in this place.
 F = Non-inter-level travel turns spent in this place divided by the number of levels of this place that you've seen.
                   A       B       C       D       E      F
               +-------+-------+-------+-------+-------+----------------------
         Total | 100.0 | 100.0 |   9.2 |  21.1 |  65.2 | 573.5
       Dungeon | 100.0 | 100.0 |   9.2 |  21.1 |  65.2 | 573.5
               +-------+-------+-------+-------+-------+----------------------
